General information
- name: grudge09
- type: Ladder 1vs1/FFA
- host: BEAR_AND
- saver: BEAR_AND
map: SantasStand
- players: 7
- length: 06:54
- speed: Fast
- version: 1.21 W3XP
- replay type:

» download(28 KB)
Players
team 1 (winner)
WWGT]Fictious (
dark-green | 139 APM | 959 actions | 06:53)
2 Demon Hunter
1 Mana Burn
1 Evasion
1 Keeper of the Grove
1 Entangling Roots
» actions
| Assign group hotkey | 84 | |
| Build / train | 33 | |
| ESC pressed | 2 | |
| Enter build submenu | 9 | |
| Enter hero's abilities submenu | 3 | |
| Remove unit from queue | 1 | |
| Right click | 440 | |
| Select / deselect | 138 | |
| Select group hotkey | 221 | |
| Use ability | 28 | |
959 total
» units
» upgrades
» buildings
| Altar of Elders | 1 | |
| Moon Well | 3 | |
| Ancient of War | 1 | |
| Tree of Ages | 2 | |
| Ancient of Wonders | 1 | |
| Hunter's Hall | 1 | |
| Ancient of Wind | 1 | |
10 total
» build order
00:06 Altar of Elders
00:18 Moon Well
00:46 Ancient of War
01:37 Moon Well
02:46 Tree of Ages
02:46 Tree of Ages
03:34 Moon Well
04:23 Ancient of Wonders
05:41 Hunter's Hall
06:34 Ancient of Wind
» items
team 2 (loser)
WWGT]Landazar (
red | 108 APM | 740 actions | 06:52)
2 Far Seer
1 Feral Spirit
1 Chain Lighting
» actions
| Assign group hotkey | 14 | |
| Basic commands | 1 | |
| Build / train | 18 | |
| Enter build submenu | 15 | |
| Enter hero's abilities submenu | 2 | |
| Remove unit from queue | 5 | |
| Right click | 375 | |
| Select / deselect | 158 | |
| Select group hotkey | 129 | |
| Use ability | 23 | |
740 total
» units
» buildings
| Altar of Storms | 1 | |
| Orc Burrow | 3 | |
| Barracks | 1 | |
| War Mill | 1 | |
| Voodoo Lounge | 1 | |
| Stronghold | 1 | |
| Watch Tower | 5 | |
13 total
» build order
00:03 Altar of Storms
00:20 Orc Burrow
00:36 Barracks
01:39 Orc Burrow
02:26 War Mill
03:09 Voodoo Lounge
03:53 Orc Burrow
04:45 Stronghold
05:12 Watch Tower
05:13 Watch Tower
05:29 Watch Tower
05:37 Watch Tower
06:11 Watch Tower
observersBEAR_AND,
fineX.,
digitaljesus,
choochoo,
WWGT]Diana Chat log
(00:05 / Observers) choochoo: what hero is land
(00:08 / Observers) BEAR_AND: arch
(00:11 / Observers) choochoo: fuck we went over this
(00:12 / Observers) digitaljesus: AM
(00:12 / Observers) choochoo: nvm
(00:24 / Observers) fineX.: how come i can't /w as obs :<
(00:29 / Observers) digitaljesus: cheating etc etc
(00:32 / Observers) fineX.: prevent ghosting?
(00:33 / Observers) BEAR_AND: so you don't /w landazar "he creeping mid"
(00:48 / Observers) digitaljesus: only refs can /w I think
(00:51 / Observers) BEAR_AND: yep
(00:57 / Observers) BEAR_AND: obs can't use any / commands except /fps
(00:57 / All) WWGT]Fictious: So what's your forum name?
(01:05 / Observers) fineX.: 55!
(01:06 / Observers) digitaljesus: 64fps oh boy
(01:09 / Observers) fineX.: 64!
(01:11 / Observers) choochoo: 25
(01:18 / Observers) BEAR_AND: fucking nerds
(01:23 / All) WWGT]Fictious: Sorry for the chit-chat. NE doesn't really have to micro in the first minute.
(01:27 / All) WWGT]Fictious: Or first five minutes.
(01:30 / All) WWGT]Fictious: Or first fifteen minutes.
(01:32 / Observers) choochoo: or at all
(01:41 / Observers) BEAR_AND: that wisp like "outta my way"
(01:45 / Observers) BEAR_AND: peon moved over
(01:47 / Observers) fineX.: wisp cant talk
(01:51 / Observers) fineX.: dummy
(01:51 / Observers) digitaljesus: peon a lil bitch
(01:53 / Observers) BEAR_AND: are u serious
(01:57 / Observers) BEAR_AND: wisp can talk
(01:58 / Observers) fineX.: he cant talk
(01:59 / Observers) BEAR_AND: they wisper :)
(02:04 / Observers) digitaljesus: wisps speak thru the forest
(02:04 / Observers) fineX.: ahahaha
(02:07 / Observers) choochoo: wisp is the most damage dealing peon
(02:20 / Observers) choochoo: haha
(02:21 / Observers) BEAR_AND: OWNED
(02:24 / Observers) choochoo: 60 xp kthx
(02:27 / Observers) fineX.: how come firned can wisper to me
(02:28 / Observers) fineX.: but i cant
(02:31 / Observers) fineX.: hacks
(02:43 / Observers) choochoo: wolves give better xp than dem creeps
(02:47 / Observers) BEAR_AND: \yep
(02:48 / Observers) fineX.: not that i have friends to whisper too
(02:52 / Observers) digitaljesus: is FS really a good idea against NE?
(02:55 / Observers) choochoo: yes
(02:56 / Observers) BEAR_AND: hack & jack
(02:57 / Observers) BEAR_AND: nope
(03:01 / Observers) choochoo: chain wave
(03:01 / Observers) BEAR_AND: it's ok vs hu
(03:03 / Observers) choochoo: for later
(03:07 / Observers) choochoo: murders dotts
(03:22 / Observers) BEAR_AND: fs best hero to stop tower rush
(03:34 / Observers) choochoo: when fighting ne base split wolves up etc
(03:37 / Observers) BEAR_AND: this wisp wants to be hero too
(03:54 / Observers) fineX.: he follows his dreams
(03:56 / Observers) BEAR_AND: haha he pruge a grunt
(03:58 / Observers) BEAR_AND: dumbass mage
(04:14 / Observers) digitaljesus: nigga yo shop getting robbed
(04:15 / Observers) fineX.: he has to be smart
(04:20 / Observers) fineX.: mb grunt has some sort of
(04:22 / Observers) fineX.: uh
(04:30 / Observers) fineX.: well you cant become mage being stupid
(04:41 / Observers) BEAR_AND: tower rush
(04:41 / Observers) choochoo: is he srs
(04:43 / Observers) BEAR_AND: hahahah
(04:57 / Observers) BEAR_AND: way too late
(05:00 / Observers) fineX.: i think fictious win
(05:05 / Observers) fineX.: yeah way late
(05:20 / Observers) BEAR_AND: kotg gonna heckle & wreckle
(05:25 / Observers) BEAR_AND: harangle & entangle
(05:50 / Observers) BEAR_AND: noob forgot hh
(06:00 / Observers) fineX.: i looove hh
(06:04 / Observers) fineX.: he is my favorite
(06:08 / Observers) BEAR_AND: hunter's hall?
(06:09 / Observers) digitaljesus: hunta hall
(06:10 / Observers) choochoo: what why
(06:18 / Observers) fineX.: because
(06:21 / Observers) fineX.: he has upgrades
(06:24 / Observers) choochoo: i emeant why tp
(06:31 / Observers) BEAR_AND: surr
(06:48 / Observers) fineX.: he prob. d-clicked when he was being chased
(06:49 / Observers) digitaljesus: one tower up
(06:52 / All) WWGT]Landazar: gg